 Dungeon Crawl Stone Soup version 0.31.0-9-g3a7656b989 (webtiles) character file.

Game seed: 1681611260797010568

37 qw the Shooter (level 3, 0/20 HPs)
             Began as a Deep Elf Hunter on Feb 2, 2024.
             Slain by a gnoll
             ... wielding a +0 spear
              (5 damage)
             ... on level 2 of the Dungeon.
             The game lasted 00:00:08 (1063 turns).

qw the Shooter (Deep Elf Hunter)                    Turns: 1063, Time: 00:00:09

Health: 0/20       AC:  3    Str: 10    XL:     3   Next: 23%
Magic:  5/5        EV: 12    Int: 13    God:
Gold:   130        SH:  0    Dex: 18    Spells: 2/2 levels left

rFire   . . .        a - +0 shortbow
rCold   . . .        (shield currently unavailable)
rNeg    . . .        c - +0 leather armour
rPois   .            (no helmet)
rElec   .            (no cloak)
rCorr   .            (no gloves)
SInv    .            (no boots)
Will    .....        (no amulet)
Stlth   ++           (no ring)
HPRegen 0.23/turn    (no ring)
MPRegen 0.09/turn

%: no passive effects
@: no status effects
A: no striking features
a: no special abilities


You were on level 2 of the Dungeon.
You visited 1 branch of the dungeon, and saw 2 of its levels.

You collected 130 gold pieces.


   Skills:
 - Level 1.5 Fighting
 + Level 6.8 Ranged Weapons
 - Level 2.4 Dodging
 - Level 1.2 Stealth


You had 2 spell levels left.
You didn't know any spells.
Your spell library was empty.

Inventory:

Hand Weapons
 a - a +0 shortbow (weapon)
Armour
 c - a +0 leather armour (worn)
 d - a +0 ring mail
Scrolls
 b - 2 scrolls of identify
 e - a scroll of immolation {unknown}
Potions
 f - 2 potions of curing {unknown}
 i - a potion of berserk rage {unknown}

Dungeon Overview and Level Annotations

Branches:
Dungeon (2/15)

Altars:
Nemelex Xobeh


Message History

1055 ||| RETREEEEATING.
Enter note:
Enter note:
Enter note:
1056 ||| RETREEEEATING.
Enter note:
Enter note:
Enter note:
Enter note:
Enter note:
Enter note:
1057 ||| RETREEEEATING.
Enter note:
Enter note:
Enter note:
1058 ||| RETREEEEATING.
Enter note:
Enter note:
Enter note:
1059 ||| RETREEEEATING.
Enter note:
Enter note:
Enter note:
1060 ||| RETREEEEATING.
You shoot an arrow. The arrow closely misses the gnoll.
The arrow hits the gnoll.
The gnoll is moderately wounded.
The gnoll hits you from afar with a +0 spear.
Enter note:
Enter note:
Enter note: You shoot an arrow.
The arrow hits the gnoll.
The gnoll is almost dead.
The gnoll hits you from afar with a +0 spear!
The gnoll hits you from afar with a +0 spear.
You shoot an arrow. The arrow closely misses the gnoll.
The arrow hits the gnoll but does no damage.
The gnoll is severely wounded.
The gnoll hits you from afar with a +0 spear.
You die...

#.#####.#.#
#.#######..
#.#.#
###.#...# #..
# #...#
#...#.#.####.
#. #...#
#.###.#..%...
#.. #...#
#.###.#######
#..##...#
#...#.#
#.......#
###.#.#######
#..#....#
#..........
#. #...@#
####....... #
#....#
#.......
#..gg#######
#.......
#...g......#
#.......
+..........#
#.......
#......g...#
#.......
#..........#
#.......
#.......g..#
#.......
#..........#
#.......


You could see 3 gnolls.

Vanquished Creatures
  An adder (D:1)
  A ribbon worm (D:2)
  2 dart slugs
  A ball python (D:2)
  2 endoplasms
  A giant cockroach (D:2)
  A goblin (D:2)
  2 hobgoblins
  2 kobolds
  A quokka (D:2)
  4 bats
  A frilled lizard (D:1)
  2 rats
21 creatures vanquished.

Notes
Turn   | Place    | Note
-------+----------+-------------------------------------------
     0 | D:1      | qw the Deep Elf Hunter began the quest for the Orb.
     0 | D:1      | Reached XP level 1. HP: 12/12 MP: 3/3
     0 | D:1      | 0 ||| qw: Version: 0.3-a-155-g5e7d8dd
     0 | D:1      | 0 ||| qw: Game counter: 2013
     0 | D:1      | 0 ||| qw: Melee chars always use a shield: true
     0 | D:1      | 0 ||| qw: God list: Okawaru
     0 | D:1      | 0 ||| qw: Allow faded altars: false
     0 | D:1      | 0 ||| qw: Do Orc after clearing Dungeon:15 true
     0 | D:1      | 0 ||| qw: Do second Lair branch before Depths: true
     0 | D:1      | 0 ||| qw: Lair rune preference: random
     0 | D:1      | 0 ||| qw: Goals: Normal
     0 | D:1      | 0 ||| PLANNING D:1-11
   551 | D:1      | Reached skill level 6 in Ranged Weapons
   551 | D:1      | Reached XP level 2. HP: 16/16 MP: 4/4
   643 | D:1      | 643 ||| READING scroll labelled ITERAH ZEFFIU.
   646 | D:1      | 646 ||| READING scroll labelled RIH MUZUTA.
   646 | D:1      | 646 ||| IDENTIFYING fizzy grey potion
   647 | D:1      | 647 ||| READING scroll labelled XULOL LOEQONI.
   647 | D:1      | 647 ||| ENCHANTING +0 shortbow.
   648 | D:1      | 648 ||| READING scroll labelled DONWIT RUEFYT.
   649 | D:1      | 649 ||| DROPPING scroll of butterflies.
   650 | D:1      | 650 ||| DROPPING potion of degeneration.
   660 | D:2      | Found a sparkling altar of Nemelex Xobeh.
   663 | D:2      | 663 ||| STAIRDANCE
   761 | D:2      | Reached XP level 3. HP: 20/20 MP: 5/5
   854 | D:2      | Found a faded altar of an unknown god.
  1054 | D:2      | 1054 ||| RETREEEEATING.
  1055 | D:2      | 1055 ||| RETREEEEATING.
  1056 | D:2      | 1056 ||| RETREEEEATING.
  1057 | D:2      | 1057 ||| RETREEEEATING.
  1058 | D:2      | 1058 ||| RETREEEEATING.
  1059 | D:2      | 1059 ||| RETREEEEATING.
  1060 | D:2      | 1060 ||| RETREEEEATING.
  1062 | D:2      | HP: 5/20 [gnoll/+0 spear (1)]
  1063 | D:2      | Slain by a gnoll

Levels and vault maps discovered:
D:1:      heliophobic_arrival_dark_side_of_the_moon, layout_basic,
          chequers_garden
D:2:      layout_basic, basic_altar, ebering_ecumenical_altar_mist

Skill      XL: |  1 |
---------------+----+-----
Ranged Weapons | 6 |  6.8
Fighting       | |  1.5
Dodging        | |  2.4
Stealth        | |  1.2

Action                     || total
---------------------------++-------
   Fire: Shortbow          ||    65
    Use: Scroll            ||     4
 Armour: Leather armour    ||    22
  Dodge: Dodged            ||    16

Table legend:
 A = Non-vault XP
 B = Vault XP
 C = Vault XP percentage of total XP
 D = Non-vault monster count
 E = Vault monster count
 F = Vault count percentage of total count
                 A         B        C        D         E       F
            +---------+---------+-------+---------+---------+-------
      Total |      54 |       0 |   0.0 |      21 |       0 |   0.0
            +---------+---------+-------+---------+---------+-------
        D:1 |      27 |       0 |   0.0 |       8 |       0 |   0.0
        D:2 |      27 |       0 |   0.0 |      13 |       0 |   0.0
            +---------+---------+-------+---------+---------+-------
